 Dungeon Crawl Stone Soup version 0.29.1-1-gd02db6906a (webtiles) character file.

Game seed: 8286371252484517687

49 Earthwalker the Trooper (level 3, -6/33 HPs)
             Began as a Minotaur Fighter on Oct 12, 2022.
             Killed by divine providence
             ... invoked by an orc priest
              (12 damage)
             ... on level 3 of the Dungeon.
             The game lasted 00:02:42 (1626 turns).

Earthwalker the Trooper (Minotaur Fighter)          Turns: 1626, Time: 00:02:43

Health: -6/33      AC:  7    Str: 22    XL:     3   Next: 53%
Magic:  2/2        EV: 13    Int:  5    God:
Gold:   145        SH:  4    Dex:  9    Spells: 2/2 levels left

rFire   . . .      SeeInvis .   a - +0 trident
rCold   . . .      Faith    .   c - +0 buckler
rNeg    . . .      Spirit   .   b - +0 scale mail
rPois   .          Reflect  .   (helmet restricted)
rElec   .          Harm     .   (no cloak)
rCorr   .          Rampage  .   (no gloves)
Will    .....                   (no boots)
Stlth   ..........              (no amulet)
HPRegen 0.11/turn               l - +4 ring of evasion
MPRegen 0.08/turn               (no ring)

@: no status effects
A: horns 2, retaliatory headbutt
a: no special abilities


You were on level 3 of the Dungeon.
You visited 1 branch of the dungeon, and saw 3 of its levels.

You collected 145 gold pieces.

Inventory:

Hand Weapons
 a - a +0 trident (weapon)
Missiles
 p - 3 boomerangs (quivered)
Armour
 b - a +0 scale mail (worn)
 c - a +0 buckler (worn)
Jewellery
 f - a ring of ice
 l - a +4 ring of evasion (left hand)
 n - an amulet of regeneration
Scrolls
 g - 2 scrolls of enchant armour {unknown}
 j - a scroll of fog {unknown}
 k - 2 scrolls of identify {unknown}
 o - a scroll of fear {unknown}
Potions
 d - 2 potions of might
 e - a potion of berserk rage {unknown}
 h - a potion of degeneration {unknown}
 i - a potion of brilliance {unknown}
 m - a potion of attraction {unknown}
 q - a potion of flight {unknown}


   Skills:
 * Level 4.0 Fighting
 * Level 2.9 Polearms
 * Level 1.0 Throwing
 * Level 4.0 Armour
 * Level 1.2 Dodging
 * Level 4.0 Shields


You had 2 spell levels left.
You didn't know any spells.
Your spell library was empty.

Dungeon Overview and Level Annotations

Branches:
Dungeon (3/15)

Altars:

Annotations:
D:3 Natasha


Innate Abilities, Weirdness & Mutations

You have a pair of horns on your head.
You reflexively headbutt those who attack you in melee.


Message History

You block the orc's attack.
The orc priest miscasts a cantrip.
The orc hits you with a +0 mace. The orc barely misses you.
You puncture the orc!
You kill the orc!
You hit the orc but do no damage. The orc closely misses you.
You block the orc's attack.
You closely miss the orc. The orc barely misses you.
The orc hits you but does no damage.
You closely miss the orc.
The orc priest looks encouraged for a moment.
The orc barely misses you. The orc hits you but does no damage.
You hit the orc.
The orc is heavily wounded.
You block the orc's attack. The orc closely misses you.
You block the orc's attack. The orc hits you but does no damage.
You barely miss the orc.
The orc is heavily wounded.
The orc misses you. You block the orc's attack.
You hit the orc but do no damage.
The orc is heavily wounded.
The orc priest invokes the aid of Beogh against you.
Beogh smites you!
* * * LOW HITPOINT WARNING * * *
The orc hits you with a +0 mace.
* * * LOW HITPOINT WARNING * * *
The orc hits you but does no damage.
You are too injured to fight recklessly!
You are too injured to fight recklessly!
You barely miss the orc.
The orc is heavily wounded.
The orc completely misses you. The orc hits you but does no damage.
You barely miss the orc.
The orc is heavily wounded.
You block the orc's attack. The orc closely misses you.
You hit the orc.
You kill the orc!
The orc priest calls down the wrath of Beogh upon you.
Beogh smites you!
You die...

.##...
..$...######
#..........#
..#.r...?..###
## .............
. ........r..#
.#
.......g...###.#
#........!.#@o.#
#........†.#g###
.......g....go.#
...........r.###
.......:.....#
....###.###.##
?.!. #.[# #.#
... ...## #.#
..## ..#


You could see an orc priest, an orc, a quokka and 2 hobgoblins.

Vanquished Creatures
  A worm (D:2)
  A dart slug (D:2)
  2 orcs (D:3)
  An endoplasm (D:1)
  4 giant cockroaches
  4 goblins
  4 hobgoblins
  4 jackals (D:1)
  A kobold (D:1)
  A quokka (D:1)
  5 ball pythons
  6 bats
  2 frilled lizards
  3 rats
39 creatures vanquished.

Notes
Turn   | Place    | Note
-------+----------+-------------------------------------------
     0 | D:1      | Earthwalker the Minotaur Fighter began the quest for the
                  | Orb.
     0 | D:1      | Reached XP level 1. HP: 19/19 MP: 0/0
    97 | D:1      | Reached XP level 2. HP: 27/27 MP: 1/1
   250 | D:1      | Found a faded altar of an unknown god.
   285 | D:1      | Reached skill level 1 in Dodging
   297 | D:1      | Reached XP level 3. HP: 22/33 MP: 2/2
   702 | D:2      | Reached skill level 1 in Throwing
  1564 | D:3      | Noticed Natasha
  1626 | D:3      | Killed from afar by an orc priest

Illustrated notes

Levels and vault maps discovered:
D:1:      scummos_arrival_forest, layout_rooms, ebering_ecumenical_altar_mist
D:2:      layout_basic
D:3:      layout_rooms, uniq_robin, uniq_ijyb, uniq_natasha

Skill      XL: |  1  2  3 |
---------------+----------+-----
Dodging        | 1 |  1.2
Fighting       | 4 |  4.0
Throwing       | 1 |  1.0
Shields        | 4 |  4.0
Armour         | 4 |  4.0
Polearms       | |  2.9

Action                   || total
-------------------------++-------
Melee: Trident           ||   107
       Headbutt          ||     9
Armor: Scale mail        ||    37
Dodge: Dodged            ||    55
Block: Buckler           ||    26
